 Dungeon Crawl Stone Soup version 0.27-a0-1139-g28e009f8a6 (webtiles) character file.

Game seed: 99583446218498236

56 siradein the Cudgeller (level 3, -1/29 HPs)
             Began as a Demonspawn Fighter on May 7, 2021.
             Killed by divine providence
             ... invoked by an orc priest
              (12 damage)
             ... on level 3 of the Dungeon.
             The game lasted 00:02:47 (2074 turns).

siradein the Cudgeller (Demonspawn Fighter)         Turns: 2074, Time: 00:02:48

Health: -1/29      AC:  6    Str: 17    XL:     3   Next: 71%
Magic:  3/3        EV:  6    Int:  9    God:
Gold:   38         SH:  8    Dex: 12    Spells: 2/2 levels left

rFire    . . .     SeeInvis .   a - +0 flail
rCold    . . .     Faith    .   c - +0 kite shield
rNeg     . . .     Spirit   .   b - +0 scale mail
rPois    .         Reflect  .   (no helmet)
rElec    .         Harm     .   (no cloak)
rCorr    .         Rampage  .   (no gloves)
Will     .....                  (no boots)
Stlth    ..........             (no amulet)
HPRegen  0.09/turn              (no ring)
MPRegen  0.08/turn              (no ring)

@: no status effects
A: powered by pain 1
a: no special abilities


You were on level 3 of the Dungeon.
You visited 1 branch of the dungeon, and saw 3 of its levels.

You collected 38 gold pieces.

Inventory:

Hand Weapons
 a - a +0 flail (weapon)
Armour
 b - a +0 scale mail (worn)
 c - a +0 kite shield (worn)
Scrolls
 g - a scroll of brand weapon {unknown}
 i - a scroll of torment {unknown}
 k - a scroll of identify {unknown}
 m - a scroll of noise {unknown}
Potions
 d - 2 potions of might
 e - 2 potions of brilliance {unknown}
 f - 2 potions of heal wounds {unknown}
 h - a potion of haste {unknown}
 j - a potion of curing {unknown}
 l - 2 potions of lignification {unknown}
 n - a potion of degeneration {unknown}


   Skills:
 - Level 3.0 Fighting
 + Level 3.7 Maces & Flails
 - Level 2.6 Armour
 - Level 2.6 Shields


You had 2 spell levels left.
You didn't know any spells.
Your spell library contained the following spells:

 Spells                   Type           Power      Damage    Failure   Level
 Animate Armour           Summ/Erth      0%         N/A       100%        4
 Leda's Liquefaction      Hex/Erth       0%         N/A       100%        4
 Bolt of Magma            Conj/Fire/Erth 0%         4d4       100%        5
 Iron Shot                Conj/Erth      0%         9d1       100%        6
 Statue Form              Tmut/Erth      0%         N/A       100%        6
 Shatter                  Erth           0%         3d5*      100%        9


Dungeon Overview and Level Annotations

Branches:
Dungeon (3/15)

Altars:


Innate Abilities, Weirdness & Mutations

You sometimes gain a little power by taking damage.


Message History

Found a short sword.
You open the door.
There is an open door here.
Done exploring.
Done exploring.
Done exploring.
(D) Dungeon
Where to? (Enter - D:2, ? - help)
What level of the Dungeon? (default 1, ? - help)
There is a stone staircase leading down here.
You climb downwards.
An orc priest comes into view. It is wielding a +0 dagger.
There is a stone staircase leading up here.
A jackal and an orc come into view.
The jackal barks!
The orc shouts!
A jackal comes into view.
The orc priest calls down the wrath of Beogh upon you.
Pain shoots through your body!
A jackal comes into view.
The jackal barks! x2; You hear a bark!
A goblin comes into view. It is wielding a +0 dagger.
The goblin shouts!
A jackal and an orc come into view.
The jackal barks!
The orc shouts!
You hear a shout!
You block the jackal's attack.
The jackal bites you but does no damage.
The jackal bites you.
The jackal bites you but does no damage.
Found 16 bolts.
The orc priest mumbles some strange prayers to Beogh against you.
Beogh smites you!
You hear a shout!
The jackal closely misses you. You block the jackal's attack.
A hobgoblin comes into view.
There is a stone staircase leading up here.
The hobgoblin shouts!
You block the jackal's attack.
The orc priest mumbles some strange prayers to Beogh against you.
Beogh smites you!
You die...

..(.... ###.......
..........
#.........
#.#.......
#########.#...g...
.......@#.#.......
........h.h.h..#
........oo..og....
########.........#
#..........
#.........#
#.....#...#
#.....#...#
#...... ..#


You could see an orc priest, 2 orcs, 3 jackals and a hobgoblin.

Vanquished Creatures
  An adder (D:2)
  2 dart slugs (D:1)
  An orc (D:2)
  5 ball pythons
  5 endoplasms
  3 giant cockroaches
  A goblin (D:1)
  8 hobgoblins
  3 kobolds (D:1)
  2 quokkas
  A bat (D:1)
  6 rats
38 creatures vanquished.

Notes
Turn   | Place    | Note
-------+----------+-------------------------------------------
     0 | D:1      | siradein the Demonspawn Fighter began the quest for the
                  | Orb.
     0 | D:1      | Reached XP level 1. HP: 18/18 MP: 1/1
   233 | D:1      | Gained mutation: You sometimes gain a little power by
                  | taking damage. [demonic ancestry]
   233 | D:1      | Reached XP level 2. HP: 23/24 MP: 2/2
  1022 | D:1      | Reached XP level 3. HP: 29/29 MP: 3/3
  2074 | D:3      | Killed from afar by an orc priest

Illustrated notes

Levels and vault maps discovered:
D:1:      heliophobic_arrival_ceremonial_halls, layout_basic,
          minmay_misc_feat_ornament
D:2:      layout_basic
D:3:      layout_basic, uniq_terence

Skill      XL: |  1  2 |
---------------+-------+-----
Maces & Flails | 2 3 |  3.7
Fighting       | |  3.0
Armour         | |  2.6
Shields        | |  2.6

Action                   || total
-------------------------++-------
Melee: Flail             ||   102
Armor: Scale mail        ||    47
Dodge: Dodged            ||    16
Block: Kite shield       ||    46

Table legend: (Time is in decaauts)
 A = Elapsed time spent in this place.
 B = Non-inter-level travel time spent in this place.
 C = Inter-level travel time spent in this place.
 D = Time resting spent in this place.
 E = Time spent auto-exploring this place.
 F = Levels seen in this place.
 G = Mean time per level.
                   A        B        C        D        E       F      G
               +--------+--------+--------+--------+--------+-----+--------+
         Total |   2125 |   2061 |     64 |      0 |   1791 |   3 |  708.3 |
       Dungeon |   2125 |   2061 |     64 |      0 |   1791 |   3 |  708.3 |
               +--------+--------+--------+--------+--------+-----+--------+

Top non-repeatable levels by time:
     D:1: 1360 daAuts
     D:2: 758 daAuts
     D:3: 6 daAuts
